[Event "Late-Titled-Tuesday-Blitz-October-17-2023"]
[Site "Chess.com"]
[Date "2023.10.17"]
[Round "2"]
[White "expii"]
[Black "Carlitus2004"]
[Result "0-1"]
[WhiteElo "2236"]
[BlackElo "2474"]
[TimeControl "180+1"]
[EndTime "14:17:34 PDT"]
[Termination "Carlitus2004 won by resignation"]

1. e4 e6 2. d4 a6 3. Nf3 d5 4. e5 c5 5. c3 Bd7 6. Be2 Nc6 7. O-O Rc8 8. Be3 cxd4 9. cxd4 Nge7 10. Nc3 Nf5 11. Qd2 Be7 12. a3 O-O 13. b4 Na7 14. Bd3 Nb5 15. Nxb5 Bxb5 16. Bxb5 axb5 17. Rac1 Rc4 18.
Rxc4 bxc4 19. Ne1 Qa8 20. Nc2 Qa4 21. Qc3 Nxe3 22. fxe3 Qb3 23. Qxb3 cxb3 24. Na1 b2 25. Nb3 Ra8 26. Rb1 Rxa3 27. Rxb2 Bxb4 28. Nc5 Bxc5 29.
dxc5 Rxe3 30. Rxb7 g5 31. c6 Rc3 32. c7 Kg7 33. Kf2 Kg6 34. g4 h5 35. h3 hxg4 36.
hxg4 f6 37. exf6 Kxf6 38. Ke2 Ke5 39. Kd2 d4 40. Rb5+ Kf4 41. Rb4 e5 42. Rb7 Kxg4 43. Ra7 Kf4 44. Rb7 g4 45. Ke2 g3 46. Kf1 Kf3 47. Rb3 Rxb3 0-1

[Event "Late-Titled-Tuesday-Blitz-October-17-2023"]
[Site "Chess.com"]
[Date "2023.10.17"]
[Round "2"]
[White "dianamirza"]
[Black "UK_23"]
[Result "0-1"]
[WhiteElo "1966"]
[BlackElo "2405"]
[TimeControl "180+1"]
[EndTime "14:17:35 PDT"]
[Termination "UK_23 won on time"]

1. e4 e5 2. Nf3 Nc6 3. Nc3 Nf6 4.
g3 d5 5. exd5 Nxd5 6. Bg2 Nxc3 7. bxc3 Bd6 8. O-O O-O 9. d4 Rb8 10. a4 b6 11. Ba3 Bxa3 12. Rxa3 Qe7 13. Ra2 Be6 14. d5 Rbd8 15. c4 Bg4 16. Qe1 Bxf3 17. Bxf3 Na5 18. Qe2 Rfe8 19. Bg2 Qc5 20. Rb2 Qxc4 21.
Qh5 Qxa4 22. Rbb1 Qd7 23. Be4 g6 24. Qh6 f5 25. Bg2 e4 26. h4 Qg7 27. Qd2 Nc4 28.
Qd1 a5 29. h5 Ne5 30. hxg6 hxg6 31. f4 Nc4 32. g4 Ne3 33. Qe2 Nxf1 34. Rxf1 Rxd5 35. Qc4 Rd8 36. Rd1 Qf7 37. gxf5 gxf5 38. Rf1 c5 39. Qe2 Rd2 40. Qe1 Qg7 0-1

[Event "Late-Titled-Tuesday-Blitz-October-17-2023"]
[Site "Chess.com"]
[Date "2023.10.17"]
[Round "2"]
[White "sergiochess83"]
[Black "subham777"]
[Result "0-1"]
[WhiteElo "2847"]
[BlackElo "2554"]
[TimeControl "180+1"]
[EndTime "14:17:38 PDT"]
[Termination "subham777 won on time"]

1. d4 d5 2. c4 e6 3. Nf3 Nf6 4. g3 Be7 5. Bg2 O-O 6. Qc2 c5 7. O-O cxd4 8. Nxd4 Nc6 9. Nxc6 bxc6 10. b3 a5 11. Nc3 Ba6 12. Rd1 Rc8 13. Na4 Qc7 14.
Bb2 Rfd8 15. Rac1 Qa7 16. Bd4 Qb8 17. Bb6 Re8 18. Bxa5 Qe5 19. Bc3 Qh5 20. h3 dxc4 21. bxc4 Rcd8 22. Nb2 c5 23. Rxd8 Rxd8 24. Rd1 Rxd1+ 25.
Qxd1 h6 26. Qd3 e5 27. Qc2 Bc8 28. g4 Qg5 29. Qd2 Qg6 30. Bxe5 h5 31. f3 hxg4 32. fxg4 Be6 33. Qd3 Qg5 34. Bc3 Qc1+ 35. Kf2 Qf4+ 36. Qf3 Ne4+ 37. Kg1 Qc1+ 38. Kh2 Bd6+ 0-1

[Event "Late-Titled-Tuesday-Blitz-October-17-2023"]
[Site "Chess.com"]
[Date "2023.10.17"]
[Round "2"]
[White "jaskol95"]
[Black "Heinza9"]
[Result "0-1"]
[WhiteElo "2585"]
[BlackElo "2323"]
[TimeControl "180+1"]
[EndTime "14:17:39 PDT"]
[Termination "Heinza9 won by checkmate"]

1. e4 e5 2. Nf3 Nc6 3. Bc4 Nf6 4.
Ng5 d5 5. exd5 b5 6. Bf1 Nd4 7. c3 Nxd5 8. Ne4 Ne6 9. Bxb5+ Bd7 10. Bxd7+ Qxd7 11. O-O f5 12. Ng3 g6 13. d4 e4 14.
c4 Nf6 15. d5 Nc5 16. f3 Bd6 17. Bg5 O-O 18. Nc3 exf3 19. Qxf3 Nfe4 20. Ngxe4 fxe4 21. Qe3 Rf5 22. Rxf5 gxf5 23. Bf4 Be7 24. Be5 Nd3 25.
Qg3+ Kf8 26. Qg7+ Ke8 27. Qg8+ Bf8 28. Nb5 Nxe5 29. Nd4 Qf7 30. Qg3 Bd6 31. Qc3 Bc5 32.
Kh1 Nd3 33. Ne6 Nf2+ 34. Kg1 Nd1+ 35. Nxc5 Nxc3 36. bxc3 Qf6 37. Ne6 Kd7 38. Rc1 Kd6 39. Nd4 Rb8 40. Rf1 f4 41. Ne2 f3 42. Ng3 Qf4 43. gxf3 exf3 44. Rf2 Rb1+ 45. Nf1 Qg4+ 46. Kh1 Rxf1+ 47. Rxf1 Qg2# 0-1

[Event "Late-Titled-Tuesday-Blitz-October-17-2023"]
[Site "Chess.com"]
[Date "2023.10.17"]
[Round "2"]
[White "SereneSalmon"]
[Black "elprimo2012mortis"]
[Result "1-0"]
[WhiteElo "2436"]
[BlackElo "2699"]
[TimeControl "180+1"]
[EndTime "14:17:40 PDT"]
[Termination "SereneSalmon won on time"]

1. d4 Nf6 2. c4 e6 3. Nf3 d5 4. g3 Bb4+ 5. Bd2 a5 6. Bg2 O-O 7. Qc1 c5 8. dxc5 d4 9. Bxb4 axb4 10. Ne5 Qc7 11. Nd3 e5 12. Nd2 Na6 13. O-O Bf5 14. Nb3 Rad8 15. Qd2 Ne4 16. Bxe4 Bxe4 17. Nxb4 Nxc5 18.
f3 Nxb3 19. axb3 Bc6 20. Nxc6 bxc6 21. Qa5 Qe7 22. Qb6 Qe6 23. Ra6 Rc8 24. Rfa1 h5 25. Qc5 h4 26. g4 f5 27. gxf5 Rxf5 28. Ra7 e4 29. Qe7 Qg6+ 30. Kh1 Re8 31. Qd7 exf3 32. Rg1 Qg2+ 33. Rxg2 fxg2+ 34. Kxg2 Rxe2+ 35. Kh3 Re3+ 36. Kg4 Rf4+ 37. Kxf4 Re7 38. Qxe7 1-0

[Event "Late-Titled-Tuesday-Blitz-October-17-2023"]
[Site "Chess.com"]
[Date "2023.10.17"]
[Round "2"]
[White "effefe"]
[Black "Aygehovit1992"]
[Result "1-0"]
[WhiteElo "2349"]
[BlackElo "2669"]
[TimeControl "180+1"]
[EndTime "14:17:41 PDT"]
[Termination "effefe won on time"]

1. d4 Nf6 2. c4 e6 3. Nc3 Bb4 4. a3 Bxc3+ 5. bxc3 Nc6 6. f3 b6 7. e4 O-O 8. Bg5 h6 9. Bh4 d6 10. Bd3 e5 11. Ne2 Ba6 12. O-O Na5 13. f4 exf4 14.
Nxf4 g5 15. Nh5 Nh7 16. e5 f5 17. Bxf5 gxh4 18. Bxh7+ Kxh7 19. Nf6+ Rxf6 20. Rxf6 Qe8 21. Qg4 Bxc4 22. Qf5+ Kg7 23. Qg4+ Kh7 24. Qxh4 Bd3 25. Qxh6+ Kg8 26. Qg5+ Kh8 27. Rh6+ Bh7 28. Qf6+ Kg8 29.
Rf1 Nc6 30. Qg5+ Kh8 31. Qh4 Qe7 32. Qh5 Rg8 33. Rf7 Rxg2+ 34. Kxg2 1-0

[Event "Late-Titled-Tuesday-Blitz-October-17-2023"]
[Site "Chess.com"]
[Date "2023.10.17"]
[Round "2"]
[White "krzyzan94"]
[Black "JonasGallasch"]
[Result "1-0"]
[WhiteElo "2779"]
[BlackElo "2386"]
[TimeControl "180+1"]
[EndTime "14:17:42 PDT"]
[Termination "krzyzan94 won by resignation"]

1. e4 c6 2. Nf3 d5 3. Nc3 dxe4 4. Nxe4 Nf6 5. Qe2 Nxe4 6. Qxe4 Be6 7. d4 Bd5 8. Qd3 Bxf3 9. Qxf3 Qxd4 10. Bd3 Nd7 11. c3 Qb6 12. Qg3 g6 13. h4 Bg7 14. h5 O-O-O 15.
O-O Be5 16. Qh3 Kb8 17. Be3 Qc7 18. Bc4 e6 19. Rad1 Nb6 20. Bd3 Nd5 21. Bg5 Bf6 22. Bc1 Nf4 23. Qf3 Nxd3 24. Qxf6 Nxc1 25. Rxc1 gxh5 26. Rcd1 Rhg8 27. Qh6 Qe5 28. Rxd8+ Rxd8 29. Qxh7 Qf6 30. Qxh5 Rh8 31. Qg4 Qh6 32. Qg3+ Ka8 33.
f4 Rd8 34. Qg5 Qxg5 35. fxg5 Rd7 36. Kf2 Kb8 37. Kf3 Kc7 38. Ke4 Kd8 39. Rh1 Ke7 40. Rh7 Kf8 41. g6 f5+ 42. Ke5 Rxh7 43. gxh7 Kg7 44.
Kxe6 f4 45. Kf5 Kxh7 46. Kxf4 Kg6 47. Ke5 Kg5 48. Kd6 Kg4 49. Kc7 Kg3 50. Kxb7 Kxg2 51. Kxc6 Kf3 52. Kb7 1-0

[Event "Late-Titled-Tuesday-Blitz-October-17-2023"]
[Site "Chess.com"]
[Date "2023.10.17"]
[Round "2"]
[White "Willychess95"]
[Black "KorolDimitriy75"]
[Result "1-0"]
[WhiteElo "2657"]
[BlackElo "2368"]
[TimeControl "180+1"]
[EndTime "14:17:43 PDT"]
[Termination "Willychess95 won on time"]

1. c4 c5 2. Nc3 g6 3. Nf3 Bg7 4.
g3 Nc6 5. Bg2 Nh6 6. O-O Nf5 7.
b3 h5 8. h3 a6 9. Bb2 Rb8 10.
a4 d6 11. Rb1 Bd7 12. e3 O-O 13.
Nd5 Bxb2 14. Rxb2 b5 15. axb5 axb5 16. Qb1 e6 17. Nf4 Qf6 18. Nd3 Rb6 19. e4 Nfd4 20. Nxd4 Nxd4 21. e5 Qe7 22. exd6 Qxd6 23. b4 bxc4 24.
Nxc5 Rfb8 25. Kh2 Bc6 26. Ne4 Bxe4 27. Qxe4 Rxb4 28. Rxb4 Rxb4 29. Ra1 Rb8 30. Ra7 Kg7 31. Ra4 Rc8 32. d3 e5 33. dxc4 Rc5 34. Qb7 Qf6 35. Qb2 Nf3+ 36. Kh1 Ne1 37. Be4 Qe6 38. Qe2 Qxh3+ 39.
Kg1 f5 40. Bd5 1-0

[Event "Late-Titled-Tuesday-Blitz-October-17-2023"]
[Site "Chess.com"]
[Date "2023.10.17"]
[Round "2"]
[White "wild3000"]
[Black "midedu"]
[Result "1-0"]
[WhiteElo "2415"]
[BlackElo "2020"]
[TimeControl "180+1"]
[EndTime "14:17:43 PDT"]
[Termination "wild3000 won by resignation"]

1. d4 Nf6 2. Nf3 g6 3. e3 d6 4. Be2 Bg7 5. O-O O-O 6. c4 Nc6 7. Nc3 a6 8. a3 e5 9. b4 exd4 10.
exd4 h6 11. d5 Ne7 12. Bb2 Nf5 13. Qc2 Re8 14. Rfe1 Bd7 15. Bd3 Rxe1+ 16. Rxe1 Qf8 17. h3 Re8 18. Rxe8 Qxe8 19. Kf1 Bc8 20. g4 Ne7 21. Ne2 Nd7 22. Bxg7 Kxg7 23. Qc3+ Kh7 24. Ng3 Ng8 25. h4 Ne5 26. Nxe5 Qxe5 27. Qxe5 dxe5 28. f3 Kg7 29. c5 Ne7 30. Bc4 f5 31. g5 Bd7 32. Ne2 hxg5 33. hxg5 f4 34. Kf2 Nf5 35. Nc3 Nd4 36. a4 Kf8 37. b5 axb5 38. axb5 Bf5 39. Ne2 Nc2 40.
Nc1 Na3 41. Bd3 Bxd3 42. Nxd3 Nxb5 43. Nxe5 Nc3 44. Nxg6+ Kg7 45. Nxf4 Na4 46. Ne6+ Kg6 47.
f4 b5 48. cxb6 cxb6 49. d6 1-0

[Event "Late-Titled-Tuesday-Blitz-October-17-2023"]
[Site "Chess.com"]
[Date "2023.10.17"]
[Round "2"]
[White "NigelDwarf"]
[Black "GAO"]
[Result "1/2-1/2"]
[WhiteElo "2544"]
[BlackElo "2351"]
[TimeControl "180+1"]
[EndTime "14:17:45 PDT"]
[Termination "Game drawn by repetition"]

1. Nf3 Nf6 2. c4 g6 3. Nc3 Bg7 4. e4 d6 5. d4 O-O 6. h3 e5 7.
d5 a5 8. Be3 Na6 9. g4 Nc5 10.
Nd2 b6 11. Be2 Bd7 12. h4 a4 13. h5 Ne8 14. hxg6 fxg6 15. Nf1 c6 16. Qd2 b5 17. Bxc5 dxc5 18. dxc6 Bxc6 19. cxb5 Bb7 20. Bc4+ Kh8 21. Qxd8 Rxd8 22. Ne3 a3 23. bxa3 Nd6 24. Bd5 Bxd5 25. exd5 e4 26. Rc1 Ra8 27. a4 Bd4 28. O-O Rf3 29. Ned1 Rf4 30. b6 Rxg4+ 31. Kh2 Be5+ 32.
Kh3 h5 33. Ne3 Rf4 34. Nb5 Nxb5 35. axb5 Rb8 36. Nc4 Bf6 37. a4 Rh4+ 38. Kg3 Rg4+ 39. Kh2 Rh4+ 40. Kg3 Rg4+ 41. Kh3 Rh4+ 42. Kg3 1/2-1/2

[Event "Late-Titled-Tuesday-Blitz-October-17-2023"]
[Site "Chess.com"]
[Date "2023.10.17"]
[Round "2"]
[White "HajiyevKanan"]
[Black "acertijo08"]
[Result "1-0"]
[WhiteElo "2536"]
[BlackElo "2337"]
[TimeControl "180+1"]
[EndTime "14:17:45 PDT"]
[Termination "HajiyevKanan won by resignation"]

1. d4 Nf6 2. Nf3 e6 3. c4 d5 4.
cxd5 exd5 5. Nc3 c6 6. Qc2 Bd6 7. Bg5 Nbd7 8. e3 O-O 9. Bd3 h6 10. Bh4 Re8 11. O-O Be7 12. Rab1 a5 13. Bg3 Bf8 14.
Bh4 Be7 15. Bg3 Bf8 16. h3 Qe7 17. Rfe1 Ne4 18. Bxe4 dxe4 19. Nd2 Nf6 20. Nc4 Qd8 21. Ne5 Bf5 22. Red1 Bb4 23. Qb3 Qe7 24. a3 Bxc3 25. bxc3 a4 26. Qxb7 Qxa3 27. Qxf7+ Kh7 28. Rb7 Qf8 29.
Qc7 Rec8 30. Qb6 Nd5 31. Qb2 a3 32. Qc2 a2 33. Ra1 Qa3 34. Nc4 Qxc3 35. Qxc3 Nxc3 36. Nb6 Ne2+ 37. Kh2 Nxg3 38. Nxa8 Rxa8 39. Kxg3 Be6 40.
Kf4 Bd5 41. Ke5 Rf8 42. Rb2 Re8+ 43. Kd6 Rd8+ 44. Kc7 Rf8 45. Raxa2 Bxa2 46. Rxa2 Rf6 47. Rc2 h5 48. h4 g6 49. Kd7 Kh6 50. Ke7 Kg7 51.
Rxc6 Rxf2 52. d5 Re2 53. d6 Rxe3 54. d7 Rd3 55. Rd6 Rxd6 56. Kxd6 e3 57. d8=Q e2 58. Qe7+ 1-0

[Event "Late-Titled-Tuesday-Blitz-October-17-2023"]
[Site "Chess.com"]
[Date "2023.10.17"]
[Round "2"]
[White "Cirky"]
[Black "Vojtap"]
[Result "0-1"]
[WhiteElo "2448"]
[BlackElo "2232"]
[TimeControl "180+1"]
[EndTime "14:17:45 PDT"]
[Termination "Vojtap won by checkmate"]

1. d4 Nf6 2. c4 g6 3. h4 c5 4. d5 d6 5. Nc3 e6 6. e4 exd5 7. exd5 Bg7 8. Be2 h5 9. Bg5 O-O 10. Nf3 Bg4 11. O-O a6 12. Ne4 Re8 13. Nfd2 Bxe2 14.
Qxe2 Nbd7 15. Qf3 Re5 16. Nxd6 Qb6 17. N6e4 Nxe4 18. Nxe4 Qxb2 19. Rab1 Qd4 20. Nd6 f6 21. Rxb7 Rd8 22. Be3 Qxh4 23. Rfb1 Re7 24. g3 Qh3 25. Ra7 Ne5 26. Qg2 Qxg2+ 27. Kxg2 Rxa7 28. Bxc5 Rc7 29. Bb6 Rb8 30. Bxc7 Rxb1 31. c5 Bf8 32. c6 Rd1 33.
Ne4 Kf7 34. d6 Nxc6 35. Nc5 Ne5 36. d7 Nxd7 37. Nxa6 Bd6 38. Bxd6 Rxd6 39. Nb4 Rd2 40. a4 Rb2 41. Nd5 Ra2 42. Nc3 Ra3 43. Ne4 Rxa4 44. f3 Ra2+ 45. Kh3 Ne5 46. f4 Ng4 47.
Nd6+ Ke6 48. Nf5 Rh2# 0-1

[Event "Late-Titled-Tuesday-Blitz-October-17-2023"]
[Site "Chess.com"]
[Date "2023.10.17"]
[Round "2"]
[White "keepitcoming"]
[Black "victormago"]
[Result "1-0"]
[WhiteElo "2239"]
[BlackElo "2445"]
[TimeControl "180+1"]
[EndTime "14:17:46 PDT"]
[Termination "keepitcoming won on time"]

1. d4 Nf6 2. c4 c5 3. d5 e6 4. Nc3 exd5 5. cxd5 d6 6. e4 g6 7. Bd3 Bg7 8. Nge2 O-O 9. O-O a6 10. a4 Nbd7 11. Ng3 Ne5 12. Be2 h5 13. h3 Re8 14.
Bg5 Qb6 15. Qd2 Nh7 16. a5 Qc7 17. Bh6 Bh8 18. Rfc1 Qe7 19. Na4 Nd7 20. f3 Be5 21. Nf1 Rb8 22. Ra3 f5 23. exf5 gxf5 24. Bd3 Ndf6 25.
Bf4 Bd4+ 26. Kh1 Bd7 27. Nb6 h4 28. Nc4 Nh5 29. Bxd6 Qg7 30. Re1 Rbd8 31. Bh2 Ng5 32. Nd6 Rxe1 33. Qxe1 Bb5 34. Nxb5 axb5 35. Qxh4 Nf6 36.
Bxf5 Rxd5 37. Bd3 c4 38. Bb1 Bxb2 39. Re3 Rd1 40. Re1 Rxe1 41. Qxe1 Bd4 42. Be5 Nxf3 43. Qd1 1-0

[Event "Late-Titled-Tuesday-Blitz-October-17-2023"]
[Site "Chess.com"]
[Date "2023.10.17"]
[Round "2"]
[White "Soltan49"]
[Black "Elbebiber"]
[Result "1/2-1/2"]
[WhiteElo "2428"]
[BlackElo "2144"]
[TimeControl "180+1"]
[EndTime "14:17:46 PDT"]
[Termination "Game drawn by repetition"]

1. e4 d5 2. exd5 Nf6 3. Nc3 Nxd5 4. Nf3 Bf5 5. Bc4 e6 6. d3 Be7 7. Bd2 O-O 8. Qe2 Bf6 9. h3 Nc6 10. O-O Re8 11. Ne4 Be7 12. Ng3 Bg6 13. a3 a5 14.
Rfe1 Bc5 15. c3 Bd6 16. d4 h6 17. Ne4 Be7 18. Rad1 Nf6 19. Nc5 Bxc5 20. dxc5 Qe7 21. b4 axb4 22. axb4 Red8 23. Bf4 Rxd1 24. Rxd1 Rd8 25.
Ne5 Nxe5 26. Bxe5 Rxd1+ 27. Qxd1 c6 28. Bd6 Qd7 29. f3 Nd5 30. Bxd5 exd5 31. Qe2 Qe6 32. Qxe6 fxe6 33. f4 Bd3 34. Kf2 Kf7 35. g3 g6 36.
Ke3 Bc4 37. Kd4 h5 38. Ke5 Bf1 39. h4 Bh3 40. Kd4 Bf5 41. c4 Bg4 42. b5 Bf5 43. Kc3 dxc4 44. Kxc4 cxb5+ 45. Kxb5 Be4 46. Kb6 Bc6 47. Kc7 Bd5 48. Be5 Bc6 49. Kd8 Bd5 50. Kc7 Bc6 51. Kd8 Bd5 52. Kc7 1/2-1/2

[Event "Late-Titled-Tuesday-Blitz-October-17-2023"]
[Site "Chess.com"]
[Date "2023.10.17"]
[Round "2"]
[White "adrivillu"]
[Black "DryCounty"]
[Result "0-1"]
[WhiteElo "2310"]
[BlackElo "2641"]
[TimeControl "180+1"]
[EndTime "14:17:47 PDT"]
[Termination "DryCounty won on time"]

1. e4 c5 2. Nc3 Nc6 3. f4 g6 4. Nf3 Bg7 5. Bb5 Nd4 6. O-O a6 7. Bd3 b5 8. Nxd4 cxd4 9. Ne2 Bb7 10. b3 Nf6 11. Ng3 d5 12. e5 Ne4 13. Bb2 Qb6 14.
Qe1 O-O 15. Kh1 f5 16. Ne2 Qa5 17. Nxd4 Qxd2 18. Ba3 Rfe8 19. Bb4 Qxe1 20. Bxe1 e6 21. a4 bxa4 22. Rxa4 Bf8 23. Bb4 Nc5 24. Bxc5 Bxc5 25.
Rfa1 a5 26. h3 Kf7 27. Ne2 Bb6 28. c4 dxc4 29. Bxc4 Red8 30. Nc3 Rd2 31. R1a2 Bxg2+ 32. Kh2 Rxa2 33. Rxa2 Bc6 34. Nb5 Bxb5 35. Bxb5 Rd8 36. Kg3 Rd1 37. Bc4 Rc1 38. Rd2 Rc3+ 39. Rd3 Rxd3+ 40.
Bxd3 h6 41. Bc4 g5 42. Kf3 Bd4 0-1

[Event "Late-Titled-Tuesday-Blitz-October-17-2023"]
[Site "Chess.com"]
[Date "2023.10.17"]
[Round "2"]
[White "Jarming"]
[Black "ElenGajger"]
[Result "0-1"]
[WhiteElo "2785"]
[BlackElo "2363"]
[TimeControl "180+1"]
[EndTime "14:17:48 PDT"]
[Termination "ElenGajger won by resignation"]

1. e4 c5 2. c3 Nf6 3. e5 Nd5 4. Nf3 g6 5. Bc4 Nb6 6. Bb3 Bg7 7. d4 cxd4 8. cxd4 O-O 9. O-O d6 10. Bf4 dxe5 11. Nxe5 Nc6 12. Nxc6 bxc6 13. Qf3 Nd5 14. Be5 a5 15. Nc3 Bxe5 16. dxe5 Nxc3 17. Qxc3 a4 18. Bc2 Be6 19. Rfd1 Qb6 20. Be4 Rab8 21. Rd2 Rfc8 22. h4 Qb4 23. Qe3 Bd5 24. Bxd5 cxd5 25. e6 f6 26. h5 Qe4 27. hxg6 hxg6 28. Qg3 Kg7 29. Qe3 Qxe3 30. fxe3 Rc6 31. Rxd5 Rxb2 32. Ra5 Rxe6 33.
Rxa4 Rxe3 34. Rg4 Ra3 35. Re4 e5 36. Rd1 Raxa2 37. Rd7+ Kh6 38. Rg4 Rf2 39. Rd6 Rf5 40. Rd8 Rg5 41. Rh8+ Kg7 42. Rxg5 fxg5 43. Rb8 Kf6 44.
Rf8+ Ke6 45. Kh2 Ra3 46. g3 g4 47. Re8+ Kf5 48. Rf8+ Ke4 49. Rf6 Ra2+ 50. Kg1 Ke3 51.
Rb6 e4 52. Rb3+ Kd4 53. Rb6 e3 54. Kf1 Ke4 55. Rf6 Rf2+ 56. Rxf2 exf2 57. Kxf2 Kd3 58. Kf1 Ke3 59. Kg2 Ke2 60. Kg1 Kf3 61. Kh2 Kf2 62. Kh1 Kxg3 63. Kg1 Kf3 64. Kh1 g3 65. Kg1 g2 66.
Kh2 Kf2 0-1

[Event "Late-Titled-Tuesday-Blitz-October-17-2023"]
[Site "Chess.com"]
[Date "2023.10.17"]
[Round "2"]
[White "Alimpic"]
[Black "jamengrand"]
[Result "0-1"]
[WhiteElo "2491"]
[BlackElo "2340"]
[TimeControl "180+1"]
[EndTime "14:17:48 PDT"]
[Termination "jamengrand won by resignation"]

1. Nf3 d5 2. g3 c6 3. Bg2 Bg4 4. O-O Nd7 5. d4 Ngf6 6. Nbd2 e6 7. h3 Bh5 8. Re1 Be7 9. e4 O-O 10. c3 a5 11. a4 Qb6 12. exd5 cxd5 13. Qb3 Qxb3 14.
Nxb3 b6 15. Bf4 Rac8 16. Nc1 Ne4 17. g4 Bg6 18. Nd2 Nxd2 19. Bxd2 Bd6 20. Bf1 Nb8 21.
Bd3 Nc6 22. Bxg6 hxg6 23. Nd3 Rfe8 24. f4 f6 25. Kg2 Kf7 26. Re2 Rb8 27. h4 b5 28.
axb5 Rxb5 29. Rh1 a4 30. Bc1 Rb3 31. Bd2 Nxd4 32. Re3 Nc6 33. h5 gxh5 34. gxh5 Rh8 35.
Rhe1 Nd8 36. Rh1 a3 37. bxa3 Rxa3 38. Kf3 Ra2 39. Re2 Nc6 40. Be3 Ra3 41. Rc2 e5 42. fxe5 fxe5 43. Ke2 Ke6 44. h6 gxh6 45. Rxh6+ Rxh6 46. Bxh6 Ra8 47. Be3 Rh8 48. Nc5+ Ke7 49. Kd3 Rh3 50.
Nb3 d4 51. cxd4 Nb4+ 52. Ke4 Nxc2 0-1

[Event "Late-Titled-Tuesday-Blitz-October-17-2023"]
[Site "Chess.com"]
[Date "2023.10.17"]
[Round "2"]
[White "Noki102"]
[Black "Byniolus"]
[Result "0-1"]
[WhiteElo "2453"]
[BlackElo "2784"]
[TimeControl "180+1"]
[EndTime "14:17:49 PDT"]
[Termination "Byniolus won on time"]

1. d4 d6 2. e4 Nf6 3. Nc3 c6 4. g3 b5 5. Bg2 b4 6. Nce2 e5 7. Be3 Nbd7 8. Qd2 a5 9. a3 bxa3 10. Rxa3 d5 11. exd5 Bxa3 12. dxc6 Bxb2 13. cxd7+ Bxd7 14. dxe5 Bxe5 15. Nf3 Bc7 16. Bc5 Be6 17. Qg5 Qd5 18.
Qxg7 O-O-O 19. O-O Qxc5 20. Qxf6 Rhe8 21. Nfd4 Be5 22.
Nxe6 Bxf6 23. Nxc5 Rxe2 24. Rb1 Bd4 25. Nd3 Rxc2 26. Bh3+ Kc7 27. Rb5 Bb6 28. Nf4 Rdd2 29. Nd5+ Rxd5 30. Rxd5 Rxf2 31. Kh1 a4 32. Rd7+ Kc6 33.
Rd3 Bc5 34. Bg2+ Kb6 35. Bd5 a3 36. Rb3+ Ka5 37. Rc3 Bb4 0-1

[Event "Late-Titled-Tuesday-Blitz-October-17-2023"]
[Site "Chess.com"]
[Date "2023.10.17"]
[Round "2"]
[White "Siemba"]
[Black "Resignify"]
[Result "1-0"]
[WhiteElo "2560"]
[BlackElo "2344"]
[TimeControl "180+1"]
[EndTime "14:17:50 PDT"]
[Termination "Siemba won on time"]

1. e4 d6 2. d4 Nf6 3. Nc3 g6 4. Be3 c6 5. Qd2 b5 6. Bd3 Qc7 7. O-O-O Nbd7 8. f4 Ng4 9. Nf3 Nxe3 10. Qxe3 Bg7 11.
e5 Nb6 12. Bxb5 cxb5 13. Nxb5 Qd7 14. exd6 O-O 15. dxe7 Re8 16. Qb3 Ba6 17. a4 Bxb5 18.
axb5 Rxe7 19. Ne5 Qd5 20. Qxd5 Nxd5 21. g3 Rc7 22. Rd3 Rb8 23. Rb3 a6 24. Kd2 Rxb5 25.
Rxb5 axb5 26. Ra1 Bxe5 27. fxe5 Kf8 28. c3 Ke7 29. Ra5 Rb7 30. Kd3 Ke6 31. g4 h6 32.
Ra6+ Ke7 33. Rd6 Nc7 34. Rc6 Ne6 35. h4 Nf4+ 36. Ke4 Ng2 37. h5 gxh5 38. gxh5 Rb8 39. Rxh6 Ne1 40. Rc6 Nc2 41. Rc7+ Kf8 42. h6 Kg8 43. h7+ 1-0

[Event "Late-Titled-Tuesday-Blitz-October-17-2023"]
[Site "Chess.com"]
[Date "2023.10.17"]
[Round "2"]
[White "marik_spb"]
[Black "Gyulamiryan-koryun"]
[Result "1-0"]
[WhiteElo "2404"]
[BlackElo "1960"]
[TimeControl "180+1"]
[EndTime "14:17:50 PDT"]
[Termination "marik_spb won on time"]

1. d4 Nf6 2. c4 c5 3. d5 b5 4. cxb5 a6 5. Nc3 g6 6. Nf3 Bg7 7. e4 d6 8. Bg5 Qa5 9. Qd2 axb5 10. Bxb5+ Bd7 11. Bxd7+ Nbxd7 12. O-O h6 13. Bf4 Ng4 14. Kh1 c4 15. h3 Nge5 16. Nxe5 Nxe5 17. Bxe5 Bxe5 18.
f4 Bg7 19. Rae1 O-O 20. e5 dxe5 21. fxe5 Rad8 22. Qf4 Qb4 23. Re2 Kh7 24. Qe4 f5 25. exf6 exf6 26. Rf4 Rc8 27. Qe7 Qxe7 28. Rxe7 f5 29.
d6 Kg8 30. Rc7 Rcd8 31. Nb5 Be5 32. Rfxc4 Bxd6 33. R7c6 Rf6 34. a4 Be7 35. Kg1 Rxc6 36. Rxc6 Kg7 37. Kf1 1-0

[Event "Late-Titled-Tuesday-Blitz-October-17-2023"]
[Site "Chess.com"]
[Date "2023.10.17"]
[Round "2"]
[White "Tiqr777"]
[Black "Mykola-Bortnyk"]
[Result "0-1"]
[WhiteElo "2623"]
[BlackElo "2994"]
[TimeControl "180+1"]
[EndTime "14:17:52 PDT"]
[Termination "Mykola-Bortnyk won by checkmate"]

1. c4 e5 2. Nc3 d6 3. g3 g6 4. Bg2 Bg7 5. d3 f5 6. Nf3 Nf6 7. O-O O-O 8. Bg5 Nbd7 9. Rb1 a5 10. a3 h6 11. Bd2 g5 12. b4 axb4 13. axb4 Rb8 14. Qb3 Kh8 15. e3 b6 16. Ra1 Bb7 17. Ra7 Qc8 18. Nd5 c6 19. Ne7 Qe8 20. Nxf5 Qe6 21. Nxg7 Kxg7 22. Bc3 Rf7 23. Nd2 h5 24. d4 h4 25. dxe5 Nxe5 26. f4 Neg4 27. Ne4 Kf8 28. Bxf6 Nxf6 29. Nxg5 Qe7 30. Nxf7 Qxf7 31. Bxc6 hxg3 32. hxg3 Qg6 33. Rxb7 Qxg3+ 34. Bg2 Rxb7 35. Qc3 Rf7 36. Rf3 Qg6 37. Qd4 Rg7 38.
Qxd6+ Kg8 39. Qd8+ Kf7 40. Qc7+ Kg8 41. Qc8+ Kf7 42. Qh3 Qb1+ 43. Rf1 Qc2 44. Kh1 Ng4 45. Qh5+ Kf8 46. Qh8+ Kf7 47. Bd5+ Kf6 48. Qf8+ Kg6 49. f5+ Kh7 50. Qd6 Nf2+ 51. Rxf2 Qd1+ 52. Kh2 Qg1+ 53. Kh3 Qg4+ 54. Kh2 Qh4# 0-1

[Event "Late-Titled-Tuesday-Blitz-October-17-2023"]
[Site "Chess.com"]
[Date "2023.10.17"]
[Round "2"]
[White "Chessdreamer2020"]
[Black "nicholas_ilic"]
[Result "0-1"]
[WhiteElo "2491"]
[BlackElo "2336"]
[TimeControl "180+1"]
[EndTime "14:17:54 PDT"]
[Termination "nicholas_ilic won by resignation"]

1. e4 c5 2. Nf3 Nc6 3. Bb5 g6 4.
O-O Bg7 5. c3 e5 6. d4 cxd4 7.
cxd4 Nxd4 8. Nxd4 exd4 9. Bf4 Ne7 10. Nd2 O-O 11. Bd6 Re8 12. Bc4 Nc6 13. f4 Qb6 14. e5 Ne7 15. g4 d3+ 16. Kh1 Qd4 17. Qb3 b5 18. Bxf7+ Kh8 19. Bxe8 Bb7+ 20. Nf3 Rxe8 21.
Qf7 Rf8 22. Qxe7 Qxf4 23. Qh4 Bxf3+ 24. Kg1 Qd4+ 25. Qf2 Qxg4+ 26. Qg3 Qd4+ 27. Rf2 Rf4 28. h3 d2 29. Kh2 Bxe5 30. Bxe5+ Qxe5 31. Rxf3 Qe2+ 32. Qg2 Qxf3 33. Qxf3 Rxf3 34. Rd1 Rd3 35. Kg2 Kg7 36. Kf2 Kf6 37. h4 Kf5 38. Ke2 Rd6 39. Rf1+ Kg4 40. Kd1 Kxh4 41. Rh1+ Kg4 42. Rxh7 g5 43. Rg7 Kf4 44.
Rf7+ Kg3 45. Rf5 g4 46. Rxb5 Kf3 47. Rf5+ Kg2 48. Ra5 g3 49. Rxa7 Kg1 50. Ra6 Rxa6 51. Kxd2 g2 0-1

[Event "Late-Titled-Tuesday-Blitz-October-17-2023"]
[Site "Chess.com"]
[Date "2023.10.17"]
[Round "2"]
[White "vugarrasulov"]
[Black "Nf3c5"]
[Result "1-0"]
[WhiteElo "2963"]
[BlackElo "2605"]
[TimeControl "180+1"]
[EndTime "14:17:55 PDT"]
[Termination "vugarrasulov won on time"]

1. e4 e5 2. Nf3 Nc6 3. Nc3 Nf6 4. h3 Bb4 5. Bd3 h6 6. a3 Bc5 7. b4 Bb6 8. Na4 d5 9. exd5 Qxd5 10. Qe2 O-O 11.
c4 Qd8 12. O-O Nd4 13. Nxd4 Bxd4 14. Rb1 Re8 15. Bc2 b6 16. Nc3 Bb7 17. Ne4 a5 18. b5 Qe7 19. Ng3 e4 20. Nf5 Qe5 21.
Nxd4 Qxd4 22. Bb2 Qd6 23. Rfe1 Rad8 24. Rbd1 Re6 25. a4 Rde8 26. Qe3 Nd7 27. Ba3 Nc5 28.
Qc3 Ra8 29. Re3 Rae8 30. Rde1 Rg6 31. d4 Nxa4 32. Bxa4 Qd7 33. d5 f5 34. Rg3 Qf7 35.
Rxg6 Qxg6 36. Qg3 Qf7 37. Bc1 g5 38. h4 f4 39. Qc3 e3 40. Bb2 Kh7 41. Bc2+ 1-0